 Dungeon Crawl Stone Soup version 0.21-a0-88-g13b9641 (webtiles) character file.

362 kuniqs the Shield-Bearer (level 6, -4/48 HPs)
             Began as a Vampire Fighter on June 27, 2017.
             Killed by divine providence
             ... invoked by an orc priest
              (8 damage)
             ... on level 4 of the Dungeon.
             The game lasted 00:05:53 (2734 turns).

kuniqs the Shield-Bearer (Vampire Fighter)          Turns: 2734, Time: 00:05:53

Health: -4/48      AC:  6    Str: 19    XL:     6   Next: 39%
Magic:  6/6        EV:  9    Int: 11    God:
Gold:   110        SH:  9    Dex: 13    Spells: 5/5 levels left

rFire    . . .     SeeInvis +   q - -1 dagger (curse)
rCold    . . .     Gourm    .   c - +0 shield
rNeg     . . .     Faith    +   b - +0 scale mail
rPois    .         Spirit   .   (no helmet)
rElec    .         Reflect  .   (no cloak)
rCorr    .         Harm     .   (no gloves)
MR       .....                  (no boots)
Stlth    ..........             p - amulet of faith
HPRegen  0.36/turn              k - ring of loudness (curse)
MPRegen  0.10/turn              n - +2 ring of strength

@: regenerating quickly
A: fangs 3, see invisible, unbreathing
a: no special abilities


You were on level 4 of the Dungeon.
You were very full.

You visited 1 branch of the dungeon, and saw 4 of its levels.

You collected 110 gold pieces.

Inventory:

Hand Weapons
 a - a +0 rapier
 q - a cursed -1 dagger (weapon)
Armour
 b - a +0 scale mail (worn)
 c - a +0 shield (worn)
Jewellery
 k - a cursed ring of loudness (left hand)
 n - a +2 ring of strength (right hand)
 p - an amulet of faith (around neck)
Scrolls
 d - a scroll of random uselessness
 f - a scroll of enchant weapon
 h - a scroll of blinking
 m - a scroll of teleportation
 r - a scroll of fear
Potions
 e - 9 potions of blood
 i - a potion of agility {unknown}
 j - a potion of curing {unknown}
 l - a potion of haste {unknown}
 o - a potion of flight


   Skills:
 + Level 3.7 Fighting
 + Level 3.5 Short Blades
 + Level 3.1 Armour
 + Level 2.7 Dodging
 * Level 4.4 Shields


You had 5 spell levels left.
You didn't know any spells.

Dungeon Overview and Level Annotations

Branches:
Dungeon (4/15)
 Temple: D:4-7

Altars:
Gozag
Xom
Yredelemnul


Innate Abilities, Weirdness & Mutations

Your natural rate of healing is unusually fast.
You have razor-sharp teeth.
You have supernaturally acute eyesight. (SInv)
You can survive without breathing.


Message History

The orc priest casts a cantrip, but nothing happens.
You closely miss the orc wizard.
The orc wizard hits you but does no damage. x2
You closely miss the orc wizard. You block the orc wizard's attack.
You hit the orc wizard but do no damage.
The orc wizard hits you but does no damage.
The orc priest invokes the aid of Beogh against you.
Beogh smites you!
* * * LOW HITPOINT WARNING * * *
Your shield and scale mail prevent you from hitting the orc wizard.
You block the orc wizard's attack.
The orc wizard gestures at you while chanting.
The puff of frost misses you.
You hit the orc wizard. You bite the orc wizard.
The orc wizard hits you but does no damage.
The orc wizard gestures wildly while chanting.
The orc wizard blinks!
The orc priest mumbles some strange prayers to Beogh against you.
Beogh smites you!
You die...

##### #...#
#########...############
................@oo§o.o.
######.#...############
#.##### #.# #.# #.# #†#
#.# #.#


You could see an orc priest, 2 orc wizards and an orc.

Vanquished Creatures
  Grinder (D:3)
  An orc wizard (D:4)
  Jessica (D:2)
  A worker ant (D:4)
  2 adders
  3 worms
  2 dart slugs
  A leopard gecko (D:1)
  3 orcs
  A ball python (D:1)
  4 bats
  3 giant cockroaches (D:1)
  8 goblins
  6 hobgoblins
  7 jackals
  A quokka (D:2)
  3 frilled lizards (D:2)
  2 gnoll zombies (D:2)
  3 kobolds
  6 rats
59 creatures vanquished.

Notes
Turn   | Place    | Note
-------+----------+-------------------------------------------
     0 | D:1      | kuniqs the Vampire Fighter began the quest for the Orb.
     0 | D:1      | Reached XP level 1. HP: 17/17 MP: 1/1
   319 | D:1      | Reached XP level 2. HP: 23/23 MP: 2/2
   361 | D:1      | Reached skill level 3 in Shields
   961 | D:2      | Reached XP level 3. HP: 28/28 MP: 3/3
   977 | D:2      | Reached skill level 1 in Dodging
  1215 | D:2      | Noticed Jessica
  1232 | D:2      | Killed Jessica
  1232 | D:2      | Reached XP level 4. HP: 19/35 MP: 4/4
  1400 | D:2      | Found a basalt altar of Yredelemnul.
  1609 | D:3      | Found an opulent altar of Gozag.
  1854 | D:3      | Found a shimmering altar of Xom.
  2084 | D:3      | Noticed Grinder
  2092 | D:3      | Killed Grinder
  2092 | D:3      | Reached skill level 4 in Shields
  2092 | D:3      | Reached XP level 5. HP: 35/41 MP: 5/5
  2092 | D:3      | Reached XP level 6. HP: 40/47 MP: 6/6
  2734 | D:4      | Killed from afar by an orc priest

Vault maps used:
D:1:      evilmike_arrival_rings
D:2:      kennysheep_big_flooded_room, lemuel_zombie_altar_yredelemnul,
          first_bread, st_stairs_7, kennysheep_jessica_study
D:3:      lemuel_coloured_pillars_altar, nicolae_overflow_crystal_walls,
          uniq_grinder

Skill      XL: |  1  2  3  4 |
---------------+-------------+-----
Shields        | 3 4 |  4.4
Dodging        | 1 2 |  2.7
Fighting       | 3 |  3.7
Short Blades   | 3 |  3.5
Armour         | 3 |  3.1

Action                   |  1- 3 |  4- 6 || total
-------------------------+-------+-------++-------
Melee: Rapier            |    90 |    39 ||   129
       Bite              |     9 |    21 ||    30
       Dagger            |       |   142 ||   142
  Use: Potion            |    10 |     9 ||    19
       Scroll            |     1 |     6 ||     7
Armor: Scale mail        |    22 |    37 ||    59
Dodge: Dodged            |    33 |    53 ||    86
Block: Shield            |    31 |    63 ||    94
